 Dungeon Crawl Stone Soup version 0.21-a0-331-gfb491b4 (webtiles) character file.

12579 EvilAshe the Fighter (level 11, -4/130 HPs)
             Began as an Ogre Berserker on Oct 3, 2017.
             Was an Elder of Trog.
             Slain by a redback (12 damage)
             ... summoned by a deep elf mage
             ... on level 12 of the Dungeon.
             The game lasted 00:36:41 (15521 turns).

EvilAshe the Fighter (Ogre Berserker)              Turns: 15521, Time: 00:36:41

Health: -4/130     AC:  9    Str: 31    XL:     11   Next: 95%
Magic:  11/11      EV: 10    Int:  8    God:    Trog [****..]
Gold:   571        SH:  0    Dex:  8    Spells: 10/10 levels left

rFire    . . .     SeeInvis .   F - +0 giant spiked club
rCold    . . .     Gourm    .   (shield currently unavailable)
rNeg     . . .     Faith    .   P - +2 troll leather armour
rPois    .         Spirit   .   (helmet restricted)
rElec    .         Reflect  .   b - +1 cloak
rCorr    .         Harm     .   (gloves unavailable)
MR       +++..                  (boots unavailable)
Stlth    +.........             H - amulet of regeneration
HPRegen  2.11/turn              (no ring)
MPRegen  0.12/turn              (no ring)

@: mighty, lethally poisoned (-4 -> -95), very slightly contaminated,
regenerating, invisible
A: unfitting armour, tough skin 1
a: Berserk, Trog's Hand, Brothers in Arms, Burn Spellbooks, Renounce Religion


You were on level 12 of the Dungeon.
You worshipped Trog.
Trog was greatly pleased with you.
You were not hungry.

You visited 1 branch of the dungeon, and saw 12 of its levels.
You also visited: Sewer.

You collected 571 gold pieces.

Inventory:

Hand Weapons
 o - a +1 morningstar
 F - a +0 giant spiked club (weapon)
Missiles
 i - 294 stones
 y - 12 tomahawks (quivered)
Armour
 b - a +1 cloak (worn)
 P - a +2 troll leather armour (worn)
Jewellery
 H - an amulet of regeneration (around neck)
Wands
 h - a wand of polymorph (0/24)
 r - a wand of polymorph (8/24)
 t - a wand of random effects (16/48)
 u - a wand of flame (34/48)
 A - a wand of polymorph (3/24)
 D - a wand of acid (11/15)
 I - a wand of acid (5/15)
 J - a wand of random effects (28/48)
 L - a wand of flame (39/48)
Scrolls
 f - 4 scrolls of enchant weapon
 j - 3 scrolls of identify
 l - 5 scrolls of remove curse
 m - 2 scrolls of blinking
 n - 3 scrolls of fear
 v - a scroll of fog
 w - a scroll of immolation {unknown}
 x - 2 scrolls of recharging
 B - 3 scrolls of magic mapping
 M - a scroll of enchant armour
 N - a scroll of teleportation
Potions
 a - a potion of ambrosia {unknown}
 d - 3 potions of flight
 e - 3 potions of brilliance
 g - 5 potions of resistance
 k - 3 potions of curing
 p - 4 potions of heal wounds
 q - 2 potions of magic {unknown}
 s - 2 potions of haste {unknown}
 z - 3 potions of might
 C - 2 potions of cancellation {unknown}
 E - a potion of degeneration {unknown}
 G - a potion of invisibility
 K - a potion of berserk rage {unknown}
Comestibles
 c - 9 bread rations
 O - 4 meat rations
 Q - a chunk of flesh


   Skills:
 + Level 14.0 Fighting
 * Level 13.8 Maces & Flails
 - Level 2.6 Dodging


You had 10 spell levels left.
You didn't know any spells.

Dungeon Overview and Level Annotations

Branches:
Dungeon (12/15)            Temple (0/1) D:6            Lair (0/6) D:9
    Orc (0/2) D:11

Altars:
Gozag
Nemelex Xobeh
Okawaru
Sif Muna
Trog
Vehumet
Zin
The Shining One

Shops:
D:5 (


Innate Abilities, Weirdness & Mutations

You are too large for most types of armour.
You have tough skin. (AC +1)


Message History

* * * LOW HITPOINT WARNING * * *
You are lethally poisoned!
The redback poisons you! The redback bites you.
* * * LOW HITPOINT WARNING * * *
You are more poisoned.
The redback poisons you!
You fade into invisibility!
* * * LOW HITPOINT WARNING * * *
You feel extremely sick. The redback bites you!
* * * LOW HITPOINT WARNING * * *
You are more poisoned.
The redback poisons you!
You are very lightly contaminated with residual magic.
You barely miss the redback.
* * * LOW HITPOINT WARNING * * *
You feel extremely sick.
The sixfirhy disappears in a puff of smoke!
The redback misses you. The redback bites you!
You die...

.......).........
.................
..........######.
..........#
#########.# #.# #.#
#.# #@# #s######.# .
#sY......#
...#########eY......#
........s..4Y.......#
......4Ye...........#
......Y#####...####.#
.....Y. #...# #
....3.. #...#


You could see a rust devil, a deep elf mage, 3 yaks, a jumping spider and a
redback.

Vanquished Creatures
  A hydra (D:11)
  A two-headed ogre (D:8)
  An unseen horror (D:10)
  A deep elf mage (D:12)
  Maurice (D:11)
  A black mamba (D:9)
  Psyche (D:10)
  A gargoyle (D:12)
  3 trolls
  A merfolk (D:10)
  A hornet (D:9)
  A hippogriff (D:11)
  A shadow (D:11)
  13 yaks
  A hungry ghost (D:7)
  An orc warrior (D:6)
  3 black bears
  An ice beast (D:11)
  4 sky beasts
  6 ogres
  2 phantoms (D:9)
  5 centaurs
  4 big kobolds
  8 bullfrogs
  A wyvern zombie (D:3)
  2 scorpions
  7 killer bees
  4 wights (D:12)
  3 howler monkeys
  5 crimson imps
  A centaur zombie (D:12)
  6 hounds
  A jelly (D:7)
  5 orc priests
  3 centaur skeletons
  A gnoll shaman (D:8)
  2 bullfrog skeletons
  10 orc wizards
  3 iguanas
  Ijyb (D:5)
  10 worker ants
  A hound zombie (D:6)
  A hound skeleton (D:4)
  A worker ant zombie (D:11)
  4 gnolls (D:8)
  4 river rats (Sewer)
  18 adders
  A shadow imp (D:7)
  3 oozes
  2 adder skeletons
  A worm (D:5)
  A dart slug (D:2)
  7 leopard geckos
  43 orcs
  7 giant cockroaches
  12 goblins
  9 hobgoblins
  15 jackals
  7 quokkas
  16 ball pythons
  5 bats
  3 frilled lizards
  A jackal zombie (D:6)
  23 kobolds
  A leopard gecko zombie (D:5)
  2 quokka skeletons
  A quokka zombie (D:6)
  28 rats
345 creatures vanquished.

Notes
Turn   | Place    | Note
-------+----------+-------------------------------------------
     0 | D:1      | EvilAshe the Ogre Berserker began the quest for the Orb.
     0 | D:1      | Reached XP level 1. HP: 24/24 MP: 1/1
   150 | D:1      | Reached XP level 2. HP: 32/32 MP: 2/2
   753 | D:1      | Reached XP level 3. HP: 37/40 MP: 3/3
   888 | D:2      | Found a bloodstained altar of Trog.
  1204 | D:2      | Reached ** piety under Trog
  1368 | D:2      | Reached XP level 4. HP: 45/49 MP: 4/4
  1443 | D:2      | Reached skill level 5 in Fighting
  1624 | D:2      | Found a glowing golden altar of the Shining One.
  2025 | D:3      | Noticed a big kobold
  2027 | D:3      | Noticed a big kobold
  2056 | D:3      | Killed a big kobold
  2056 | D:3      | Reached XP level 5. HP: 28/57 MP: 5/5
  2060 | D:3      | Killed a big kobold
  2060 | D:3      | Reached skill level 5 in Maces & Flails
  2060 | D:3      | Reached XP level 6. HP: 34/67 MP: 6/6
  2634 | D:3      | Reached skill level 6 in Fighting
  3577 | D:4      | Reached XP level 7. HP: 62/76 MP: 7/7
  3993 | D:4      | Found a sparkling altar of Nemelex Xobeh.
  4052 | D:5      | Entered Level 5 of the Dungeon
  4062 | D:5      | Found a glowing drain.
  4091 | Sewer    | Entered a sewer
  4124 | Sewer    | Reached *** piety under Trog
  4721 | Sewer    | Reached skill level 7 in Fighting
  5085 | D:5      | Found Uskuosog's Weapon Boutique.
  5686 | D:5      | Reached XP level 8. HP: 60/87 MP: 8/8
  5866 | D:5      | Noticed Ijyb
  5873 | D:5      | Killed Ijyb
  6250 | D:5      | Reached skill level 8 in Fighting
  6953 | D:6      | Reached skill level 9 in Fighting
  7228 | D:6      | Found a glowing silver altar of Zin.
  7316 | D:6      | Reached XP level 9. HP: 97/98 MP: 9/9
  7428 | D:6      | Found a staircase to the Ecumenical Temple.
  7909 | D:7      | Reached **** piety under Trog
  8786 | D:7      | Found a deep blue altar of Sif Muna.
  8922 | D:7      | Reached skill level 10 in Fighting
  8939 | D:7      | Found an iron altar of Okawaru.
  9610 | D:8      | Reached skill level 10 in Maces & Flails
  9844 | D:8      | Noticed a two-headed ogre
  9852 | D:8      | Killed a two-headed ogre
  9852 | D:8      | Reached XP level 10. HP: 111/111 MP: 10/10
 10212 | D:8      | Reached skill level 11 in Fighting
 11287 | D:9      | Paralysed by a hornet for 3 turns
 11465 | D:9      | Noticed a black mamba
 11465 | D:9      | a hornet changed into a black mamba
 11476 | D:9      | Killed a black mamba
 11906 | D:9      | Found a radiant altar of Vehumet.
 11946 | D:9      | Reached skill level 12 in Fighting
 11951 | D:9      | Received a gift from Trog
 12491 | D:9      | Found a staircase to the Lair.
 12692 | D:9      | Reached XP level 11. HP: 122/124 MP: 11/11
 13259 | D:10     | Entered Level 10 of the Dungeon
 13382 | D:10     | Noticed Psyche
 13392 | D:10     | Killed Psyche
 13430 | D:10     | HP: 3/126 [something (9)]
 13433 | D:10     | Killed an unseen horror
 13433 | D:10     | Reached skill level 13 in Fighting
 13687 | D:10     | Found an opulent altar of Gozag.
 13894 | D:11     | Found a sparkling altar of Nemelex Xobeh.
 13944 | D:11     | Found a staircase to the Orcish Mines.
 13970 | D:11     | Noticed a seven-headed hydra
 14696 | D:11     | Noticed Maurice
 14705 | D:11     | Killed Maurice
 14780 | D:11     | Killed a seven-headed hydra
 15220 | D:12     | Noticed a deep elf mage
 15301 | D:12     | Killed a deep elf mage
 15390 | D:12     | Reached skill level 14 in Fighting
 15505 | D:12     | Noticed a deep elf mage
 15507 | D:12     | Noticed a sixfirhy
 15521 | D:12     | Slain by a redback

Vault maps used:
D:1:      minmay_arrival_four_loops
D:2:      tso_altar, lemuel_tele_altar
D:3:      cheibrodos_thug_alley, serial_forest, infiniplex_forest_corner_2,
          infiniplex_forest_straight_4, infiniplex_forest_straight_4,
          infiniplex_forest_lined_room_, infiniplex_forest_zigzag_1,
          infiniplex_forest_clump_curved, infiniplex_forest_clump_curved,
          infiniplex_forest_corner_2, infiniplex_forest_lined_room_2,
          infiniplex_forest_lined_corner
D:4:      nemelex_spade_bored_becter
D:5:      first_bread, cheibrodos_sewer_entry_drain, serial_shops, shop,
          uniq_ijyb
D:6:      lemuel_crystal_altar, minmay_temple_entry_statues, minivault_23,
          roderic_lattice_a, minivault_25
D:7:      grunt_temple_overflow_open
D:9:      lair_entry_dummy, vehumet_altar_wand_db
D:10:     hangedman_fish_farm, nicolae_gozag_seed_capital, uniq_psyche
D:11:     orc_0_dummy, basic_altar, uniq_maurice
Sewer:    sewer_minmay_w

Skill      XL: |  1  2  3  4  5  6  7  8  9 10 11 |
---------------+----------------------------------+-----
Maces & Flails | 3 4 5 6 7 8 10 12 13 | 13.8
Fighting       | 5 6 7 9 10 12 14 | 14.0
Dodging        | |  2.6

Action                   |  1- 3 |  4- 6 |  7- 9 | 10-12 || total
-------------------------+-------+-------+-------+-------++-------
Melee: Mace              |    95 |       |       |       ||    95
       Morningstar       |    27 |   142 |   532 |       ||   701
       Unarmed           |       |       |     5 |       ||     5
       Giant spiked club |       |       |       |   351 ||   351
Throw: Stone             |     6 |     7 |    14 |       ||    27
       Tomahawk          |     6 |     7 |    32 |    60 ||   105
Invok: Trog's Hand       |       |     5 |    17 |    15 ||    37
       Berserk           |       |       |     7 |     5 ||    12
       Burn Spellbooks   |       |       |       |     1 ||     1
Evoke: Wand              |       |       |       |     9 ||     9
  Use: Scroll            |     3 |     7 |    10 |    11 ||    31
       Potion            |       |       |     1 |     6 ||     7
  Eat: Chunk             |     2 |     9 |    29 |    17 ||    57
       Meat ration       |       |       |     1 |       ||     1
       Royal jelly       |       |       |       |     5 ||     5
       Fruit             |       |       |       |     4 ||     4
Armor: Animal skin       |    51 |    37 |   135 |    32 ||   255
       Skin              |       |       |   256 |       ||   256
       Troll leather arm |       |       |       |    42 ||    42
       Robe              |       |       |       |    33 ||    33
Dodge: Dodged            |    95 |    91 |   287 |   244 ||   717

Table legend:
 A = Spawn XP
 B = Non-spawn XP
 C = Spawn XP percentage of total XP
 D = Spawn monster count
 E = Non-spawn monster count
 F = Spawn count percentage of total count
 G = Total turns spent on level
                    A         B        C        D         E        F      G
               +---------+---------+-------+---------+---------+-------+---------
         Total |       0 |   17971 |   0.0 |       0 |     345 |   0.0 | 15521
               +---------+---------+-------+---------+---------+-------+---------
           D:1 |       0 |      38 |   0.0 |       0 |      20 |   0.0 |  1056
           D:2 |       0 |      80 |   0.0 |       0 |      32 |   0.0 |  1054
           D:3 |       0 |     424 |   0.0 |       0 |      30 |   0.0 |  1332
           D:4 |       0 |     119 |   0.0 |       0 |      11 |   0.0 |   610
           D:5 |       0 |     452 |   0.0 |       0 |      16 |   0.0 |  1423
           D:6 |       0 |    1129 |   0.0 |       0 |      37 |   0.0 |  1552
           D:7 |       0 |    1061 |   0.0 |       0 |      39 |   0.0 |  1458
           D:8 |       0 |    1580 |   0.0 |       0 |      22 |   0.0 |  1740
           D:9 |       0 |    4587 |   0.0 |       0 |      35 |   0.0 |  2192
          D:10 |       0 |    2437 |   0.0 |       0 |      15 |   0.0 |   641
          D:11 |       0 |    4012 |   0.0 |       0 |      24 |   0.0 |  1261
          D:12 |       0 |    1709 |   0.0 |       0 |      16 |   0.0 |   357
         Sewer |       0 |     343 |   0.0 |       0 |      48 |   0.0 |   845
               +---------+---------+-------+---------+---------+-------+---------
